 Dungeon Crawl Stone Soup version 0.20.0-6-gd3061e9 (webtiles) character file.

558 Hasart the Chiller (level 7, 0/46 HPs)
             Began as a Demonspawn Ice Elementalist on May 28, 2017.
             Was a Follower of Sif Muna.
             Slain by a centaur
             ... wielding a cursed +0 shortbow
              (7 damage)
             ... on level 5 of the Dungeon.
             The game lasted 00:14:06 (6568 turns).

Hasart the Chiller (Demonspawn Ice Elementalist)    Turns: 6568, Time: 00:14:06

Health: 0/46       AC:  5    Str:  8    XL:     7   Next: 9%
Magic:  8/13       EV: 12    Int: 18    God:    Sif Muna [*.....]
Gold:   165        SH:  0    Dex: 14    Spells: 6/14 levels left

rFire    . . .     SeeInvis .   h - -1 spear (curse)
rCold    . . .     Gourm    .   (no shield)
rNeg     + . .     Faith    .   a - +0 robe
rPois    .         Spirit   .   (helmet restricted)
rElec    .         Reflect  .   (no cloak)
rCorr    +         Harm     .   E - +0 pair of gloves
MR       .....                  f - +1 pair of boots
Stlth    ++........             (no amulet)
Regen    0.2/turn               q - ring of resist corrosion
MPRegen  0.2/turn               s - ring of positive energy

@: very slightly contaminated
A: horns 2, rot immunity
a: Divine Energy, Renounce Religion


You were on level 5 of the Dungeon.
You worshipped Sif Muna.
Sif Muna was aware of your devotion.
You were hungry.

You visited 1 branch of the dungeon, and saw 5 of its levels.

You collected 165 gold pieces.

Inventory:

Hand Weapons
 h - a cursed -1 spear (weapon)
 r - a cursed -2 whip
 u - a +5 mace
 w - a cursed -1 dagger
 x - the +2 Maxwell's thermic engine {flame, freeze, rF- rC-}
   (You found it on level 4 of the Dungeon)

   It has been specially enchanted to burn those struck by it, causing extra
   injury to most foes and up to half again as much damage against particularly
   susceptible opponents.
   Big, fiery blades are also staple armaments of hydra-hunters.
   It makes you vulnerable to fire.
   It makes you vulnerable to cold.
Armour
 a - a +0 robe (worn)
 f - a +1 pair of boots (worn)
 g - a +0 helmet
 E - a +0 pair of gloves (worn)
Jewellery
 q - a ring of resist corrosion (left hand)
 s - a ring of positive energy (right hand)
Wands
 z - a wand of lightning (7/15)
 D - a wand of disintegration (6/24)
 H - a wand of flame (32/48)
Scrolls
 j - 3 scrolls of fear
 k - 3 scrolls of identify
 m - a scroll of recharging
 y - a scroll of blinking
 C - a scroll of enchant armour
 F - a scroll of remove curse {unknown}
Potions
 d - a potion of resistance {unknown}
 e - 2 potions of might {unknown}
 i - a potion of haste
 l - 2 potions of mutation {unknown}
 p - a potion of lignification
 t - a potion of ambrosia {unknown}
 v - 2 potions of curing {unknown}
 A - a potion of agility {unknown}
 B - a potion of brilliance {unknown}
Books
 b - a book of Frost

   Spells                             Type                      Level
   a - Freeze                         Ice                          1
   b - Throw Frost                    Conjuration/Ice              2
   c - Ozocubu's Armour               Charms/Ice                   3
   d - Throw Icicle                   Conjuration/Ice              4
   e - Summon Ice Beast               Ice/Summoning                4
Comestibles
 c - 2 bread rations
 n - 3 meat rations
 o - a royal jelly
 G - 2 fruits


   Skills:
 - Level 1.7 Dodging
 - Level 1.7 Stealth
 + Level 4.0 Spellcasting
   Level 1.0 Conjurations
 + Level 2.8 Summonings
 * Level 5.8 Ice Magic


You had 6 spell levels left.
You knew the following spells:

 Your Spells              Type           Power        Failure   Level  Hunger
a - Freeze                Ice            ###.         1%          1    None
b - Summon Ice Beast      Ice/Summ       ###.....     24%         4    ####...
c - Ozocubu's Armour      Chrm/Ice       ##......     13%         3    ###....


Dungeon Overview and Level Annotations

Branches:
Dungeon (5/15)
 Temple: D:4-7

Altars:
Cheibriados
Sif Muna
Trog

Annotations:
D:4 Monsterracer's ghost, amateur MiVM


Innate Abilities, Weirdness & Mutations

You have a pair of horns on your head.
You are immune to rotting.


Message History

The centaur shoots an arrow.
The arrow hits you!
* * * LOW HITPOINT WARNING * * *
You see here an arrow.
Casting: Ozocubu's Armour
Confirm with . or Enter, or press ? or * to list all spells.
Aiming: Freeze
Press: ? - help, Shift-Dir - straight line, f - centaur
Aim: a centaur, wielding a shortbow You freeze the centaur.
The centaur is moderately wounded.
The centaur closely misses you.
Casting: Freeze
Confirm with . or Enter, or press ? or * to list all spells.
Aiming: Freeze
Press: ? - help, Shift-Dir - straight line, f/p - centaur
Aim: a centaur, wielding a shortbow (lightly wounded)
You freeze the centaur.
The centaur is heavily wounded.
The centaur hits you with a shortbow!
You die...

.# ### ..###
.....#####
...........## ##
...........#.## #.
..#......#....##.
#..#....# #....c##
......# #.....@#
.....## #....(.##
......# #.......#
##....# #..(....##
###...##
#((......## #....#
##.........#
##...###..........#
#...##...........##
#.................#


You could see a centaur.

Vanquished Creatures
  Eustachio (D:4)
  A scorpion (D:4)
  A howler monkey (D:4)
  A centaur zombie (D:3)
  A hound (D:5)
  2 iguanas (D:5)
  Robin (D:2)
  A gnoll (D:1)
  An adder (D:2)
  2 oozes
  A dart slug (D:1)
  3 worms
  2 leopard geckos
  7 orcs
  5 ball pythons
  8 giant cockroaches
  13 goblins
  10 hobgoblins
  2 jackals (D:3)
  8 kobolds
  11 bats
  4 frilled lizards
  9 rats
95 creatures vanquished.

Vanquished Creatures (collateral kills)
  Grinder (D:4)
  A quokka (D:4)
2 creatures vanquished.

Vanquished Creatures (others)
  4 toadstools (D:1)
4 creatures vanquished.

Grand Total: 101 creatures vanquished

Notes
Turn   | Place    | Note
-------+----------+-------------------------------------------
     0 | D:1      | Hasart the Demonspawn Ice Elementalist began the quest for the Orb.
     0 | D:1      | Reached XP level 1. HP: 13/13 MP: 3/3
   413 | D:1      | Reached skill level 3 in Ice Magic
   413 | D:1      | Gained mutation: You are immune to rotting. [demonic ancestry]
   413 | D:1      | Reached XP level 2. HP: 8/19 MP: 1/5
  1494 | D:2      | Gained mutation: You have a pair of small horns on your head. [demonic ancestry]
  1494 | D:2      | Reached XP level 3. HP: 24/24 MP: 4/6
  1498 | D:2      | Noticed Robin
  2131 | D:2      | Killed Robin
  2131 | D:2      | Reached skill level 4 in Ice Magic
  2481 | D:2      | Reached XP level 4. HP: 24/30 MP: 3/8
  2608 | D:2      | Found a bloodstained altar of Trog.
  2702 | D:2      | Learned a level 4 spell: Summon Ice Beast
  2706 | D:2      | Learned a level 3 spell: Ozocubu's Armour
  3358 | D:3      | Found a deep blue altar of Sif Muna.
  3362 | D:3      | Became a worshipper of Sif Muna the Loreminder
  3376 | D:3      | Found a snail-covered altar of Cheibriados.
  3526 | D:3      | Reached skill level 1 in Summonings
  3548 | D:3      | Reached XP level 5. HP: 15/35 MP: 1/9
  4918 | D:4      | Reached skill level 5 in Ice Magic
  5183 | D:4      | Noticed Grinder
  5228 | D:4      | Killed Grinder
  5228 | D:4      | Reached * piety under Sif Muna
  5228 | D:4      | Reached XP level 6. HP: 7/41 MP: 3/11
  5530 | D:4      | Noticed Eustachio
  5540 | D:4      | Killed Eustachio
  5622 | D:4      | Noticed Monsterracer's ghost (amateur MiVM)
  5706 | D:5      | Entered Level 5 of the Dungeon
  5824 | D:5      | Gained mutation: You have a pair of horns on your head. [demonic ancestry]
  5824 | D:5      | Reached XP level 7. HP: 19/46 MP: 5/12
  6334 | D:5      | Found a deep blue altar of Sif Muna.
  6568 | D:5      | Slain by a centaur

Skill      XL: |  1  2  3  4  5  6  7 |
---------------+----------------------+-----
Ice Magic      | 3 4 5 |  5.8
Spellcasting   | 3 4 |  4.0
Summonings     | 1 2 |  2.8
Dodging        | |  1.7
Stealth        | |  1.7
Conjurations   | |  1.0

Action                   |  1- 3 |  4- 6 |  7- 9 || total
-------------------------+-------+-------+-------++-------
Melee: Unarmed           |     9 |       |       ||     9
       Spear             |    55 |    92 |       ||   147
       Headbutt          |     4 |    19 |       ||    23
 Cast: Freeze            |    55 |    69 |    11 ||   135
       Summon Ice Beast  |       |     2 |       ||     2
  Use: Scroll            |       |     7 |       ||     7
 Stab: Sleeping          |     4 |     7 |       ||    11
       Distracted        |     1 |       |       ||     1
  Eat: Chunk             |     5 |    11 |     2 ||    18
Armor: Robe              |    36 |    46 |     2 ||    84
Dodge: Dodged            |    90 |    94 |     7 ||   191
